Map: Catallena LE

Players

Myhome

  • Race: Zerg Zerg
  • League: Diamond
  • Spawn Location: 5:00

SHreddedWInd

  • Race: Protoss Protoss
  • League: Diamond
  • Spawn Location: 12:00

Yata - Winner!

  • Race: Protoss Protoss
  • League: Platinum
  • Spawn Location: 9:00

VOD

Have the link to the VOD?

Description

Time

  • Played on: Sept. 23, 2017, 10:48 p.m.
  • Length: 32:34
Show
View Real Time Build Order
Export as new Build Order

Myhome Zerg 

Build Orders: 3 Hatch before Pool 

Get SALT Encoding   

  12  0:17  Drone x2  
  14  0:27  Overlord  
  14  0:45  Hatchery  
  13  0:50  Drone  
  13  0:51  Drone  
  13  0:55  Drone  
  16  1:19  Hatchery  
  16  1:22  Drone  
  16  1:24  Drone  
  17  1:32  Drone  
  18  1:35  Drone  
  19  1:46  Spawning Pool  
  18  1:52  Overlord  
  18  1:57  Drone  
  18  1:59  Drone  
  20  2:10  Drone  
  20  2:11  Drone  
  22  2:17  Extractor  
  22  2:18  Drone x2  
  22  2:19  Extractor  
  22  2:35  Drone  
  23  2:37  Drone  
  23  2:41  Hatchery  
  23  2:46  Drone  
  23  2:47  Drone x2  
  26  2:58  Drone x3  
  29  3:00  Drone  
  29  3:03  Drone  
  31  3:06  Drone  
  32  3:15  Drone x3  
  32  3:16  Drone  
  36  3:29  Lair  
  36  3:30  Drone x2  
  36  3:31  Drone  
  39  3:39  Queen  
  41  3:43  Overlord  
  41  3:46  Overlord  
  41  3:52  Drone  
  41  3:53  Drone, Queen  
  41  3:54  Drone x2  
  47  3:58  Extractor, Drone x2  
  47  3:59  Extractor  
  47  4:00  Drone  
  48  4:04  Drone x2  
  48  4:08  Drone x3  
  53  4:15  Drone  
  53  4:16  Drone  
  55  4:25  Drone x3  
  58  4:43  Drone x5  
  58  4:44  Drone  
  64  4:53  Overlord x4  
  64  4:55  Overlord  
  64  5:01  Infestation Pit  
  63  5:08  Drone  
  63  5:09  Drone, Evolution Chamber  
  63  5:11  Drone x3, Evolution Chamber  
  63  5:12  Evolution Chamber  
  63  5:38  Drone x4  
  63  5:39  Drone x5  
  68  5:49  Spine Crawler x2  
  65  5:50  Spine Crawler  
  65  5:52  Spine Crawler, Drone  
  65  5:53  Drone x6  
  65  5:55  Spine Crawler  
  69  5:59  Spine Crawler  
  68  6:07  Drone  
  68  6:08  Drone x3  
  68  6:10  Zerg Ground Armor Level 1, Zerg Melee Weapons Level 1, Zerg Missile Weapons Level 1  
  72  6:14  Hive  
  72  6:15  Drone  
  72  6:16  Drone x3  
  76  6:22  Spore Crawler  
  76  6:23  Spore Crawler  
  76  6:24  Spore Crawler x2  
  76  6:25  Spore Crawler  
  71  6:27  Spore Crawler  
  71  6:29  Spore Crawler x2  
  71  6:30  Spore Crawler  
  71  6:31  Drone x4, Spore Crawler x2  
  69  6:33  Spore Crawler  
  69  6:34  Spore Crawler  
  69  6:36  Spore Crawler  
  69  6:37  Spore Crawler  
  69  6:39  Drone  
  66  6:40  Drone, Spore Crawler  
  66  6:42  Spore Crawler x2  
  66  6:43  Spore Crawler  
  66  6:46  Drone x4  
  67  6:53  Drone x2  
  69  7:17  Drone x6  
  69  7:18  Overlord, Drone x3  
  69  7:19  Overlord  
  69  7:20  Drone  
  79  7:27  Ultralisk Cavern  
  78  7:36  Drone x4  
  82  7:45  Spore Crawler x3  
  82  7:46  Spore Crawler x2  
  82  7:48  Spore Crawler  
  82  7:51  Spore Crawler  
  75  7:55  Spore Crawler  
  75  7:56  Spore Crawler  
  75  7:57  Spore Crawler  
  72  8:01  Drone x5  
  72  8:02  Drone x6  
  72  8:03  Drone  
  84  8:13  Spine Crawler  
  84  8:14  Spine Crawler  
  84  8:16  Spine Crawler  
  84  8:17  Spine Crawler  
  80  8:27  Drone x3  
  80  8:28  Drone x4  
  80  8:29  Ultralisk  
  92  8:51  Ultralisk  
  92  8:52  Ultralisk x2  
  110  9:06  Drone  
  110  9:08  Drone  
  110  9:09  Overlord  
  112  9:10  Overlord x5  
  112  9:14  Zerg Missile Weapons Level 2, Zerg Ground Armor Level 2, Zerg Melee Weapons Level 2  
  112  9:15  Chitinous Plating  
  112  9:24  Extractor, Drone x2  
  109  9:25  Drone  
  109  9:26  Extractor  
  111  9:36  Spore Crawler  
  111  9:38  Spore Crawler  
  109  9:40  Spore Crawler  
  109  9:42  Drone x4, Spore Crawler  
  109  9:43  Drone x5  
  109  9:44  Ultralisk  
  109  9:45  Spore Crawler  
  121  10:08  Drone x6  
  121  10:09  Ultralisk  
  121  10:10  Ultralisk x2  
  145  10:41  Drone x3  
  145  10:42  Ultralisk, Drone  
  155  10:51  Hatchery  
  153  10:57  Spore Crawler  
  153  10:59  Spore Crawler x4  
  148  11:05  Spore Crawler  
  148  11:06  Spore Crawler  
  148  11:07  Hatchery  
  148  11:10  Spore Crawler x2  
  142  11:13  Spore Crawler  
  141  11:22  Spore Crawler x2  
  141  11:23  Spore Crawler x2  
  137  11:26  Spore Crawler  
  128  11:36  Spore Crawler  
  128  11:37  Spore Crawler  
  128  11:38  Spore Crawler x2  
  115  11:40  Spore Crawler x2  
  115  11:41  Spore Crawler  
  115  11:44  Spore Crawler  
  115  11:45  Spore Crawler x2  
  115  11:46  Spore Crawler  
  102  11:47  Spore Crawler x2  
  102  11:48  Spore Crawler  
  102  11:49  Spore Crawler x6  
  102  11:50  Spore Crawler x4  
  102  11:51  Spore Crawler  
  77  12:08  Drone x4  
  77  12:09  Drone x5  
  77  12:14  Drone x2  
  67  12:30  Spore Crawler x2  
  67  12:31  Spore Crawler  
  64  12:39  Ultralisk Cavern  
  63  12:47  Drone x5  
  63  12:48  Drone x7  
  63  12:49  Ultralisk Cavern  
  63  12:50  Lair  
  73  13:03  Drone x3  
  76  13:15  Hatchery  
  75  13:31  Drone x8  
  83  13:35  Drone  
  83  13:38  Extractor x2  
  82  13:47  Drone  
  82  13:48  Drone x2  
  85  13:52  Drone  
  86  13:56  Lair  
  86  13:58  Ultralisk  
  86  14:02  Drone  
  93  14:10  Spore Crawler  
  93  14:11  Spore Crawler x3  
  93  14:12  Spore Crawler  
  93  14:13  Spore Crawler x2  
  93  14:15  Spore Crawler x2  
  93  14:16  Spore Crawler x2  
  82  14:17  Spore Crawler  
  82  14:18  Spore Crawler x4  
  82  14:19  Spore Crawler  
  82  14:20  Spore Crawler  
  82  14:23  Spore Crawler  
  74  14:25  Spore Crawler  
  74  14:26  Spore Crawler  
  74  14:28  Ultralisk x5  
  106  14:34  Spore Crawler x2  
  106  14:38  Spore Crawler  
  103  14:47  Overlord x7  
  103  15:11  Hive  
  103  15:12  Evolution Chamber  
  102  15:37  Ultralisk  
  102  15:38  Ultralisk x6  
  144  15:46  Drone  
  144  15:47  Drone x4  
  149  15:54  Spine Crawler  
  149  15:56  Spine Crawler  
  147  15:59  Spore Crawler  
  147  16:01  Spore Crawler  
  147  16:04  Spore Crawler  
  146  16:17  Spore Crawler  
  145  16:20  Ultralisk, Spore Crawler  
  145  16:21  Ultralisk  
  156  16:31  Drone  
  156  16:32  Drone  
  98  17:38  Ultralisk x6  
  98  17:39  Ultralisk  
  140  18:05  Burrow  
  140  18:20  Hatchery  
  139  18:27  Zerg Ground Armor Level 3  
  139  18:28  Zerg Melee Weapons Level 3  
  139  18:53  Spore Crawler x4  
  139  18:54  Spore Crawler  
  134  18:56  Spore Crawler  
  134  19:00  Drone x4  
  134  19:01  Drone x4  
  141  19:22  Drone x4  
  145  19:24  Overlord x3  
  125  21:08  Ultralisk x4  
  125  21:38  Ultralisk x2  
  125  21:56  Ultralisk x9  
  101  24:06  Drone x5  
  101  24:07  Drone x6  
  101  24:08  Drone  
  59  25:05  Spore Crawler x2  
  59  25:06  Spore Crawler x2  
  55  25:07  Spore Crawler  
  55  25:08  Spore Crawler x5  
  55  25:09  Spore Crawler x2  
  55  25:10  Spore Crawler x2  
  55  25:11  Spore Crawler  
  55  25:12  Spore Crawler x2  
  55  25:13  Spore Crawler  
  41  25:15  Spore Crawler x2  
  41  25:16  Spore Crawler x3  
  41  25:17  Spore Crawler x4  
  41  25:18  Spore Crawler x3  
  41  25:19  Spore Crawler  
  41  25:20  Spore Crawler  
  41  25:21  Spore Crawler x2  
  26  25:22  Spore Crawler x2, Drone x5  
  26  25:23  Spore Crawler, Drone x6  
  26  25:24  Drone  
  27  28:31  Queen  
Show
View Real Time Build Order
Export as new Build Order

SHreddedWInd Protoss 

Build Orders: Colossus Rush 

Get SALT Encoding   

  12  0:02  Probe (Chrono Boost)  
  13  0:17  Probe (Chrono Boost)  
  14  0:22  Pylon  
  14  0:28  Probe (Chrono Boost)  
  15  0:30  Assimilator  
  15  0:40  Probe (Chrono Boost)  
  16  0:45  Gateway  
  16  0:51  Probe (Chrono Boost)  
  17  1:01  Probe (Chrono Boost)  
  17  1:04  Pylon  
  18  1:08  Assimilator  
  18  1:12  Probe (Chrono Boost)  
  19  1:23  Probe (Chrono Boost)  
  20  1:33  Cybernetics Core  
  20  1:35  Probe (Chrono Boost)  
  21  1:45  Probe (Chrono Boost)  
  22  2:03  Nexus  
  22  2:16  Robotics Facility  
  22  2:20  Probe (Chrono Boost)  
  23  2:30  Probe (Chrono Boost)  
  24  2:41  Probe (Chrono Boost)  
  25  2:52  Pylon, Probe (Chrono Boost)  
  26  3:02  Pylon  
  26  3:10  Robotics Bay  
  26  3:13  Forge  
  26  3:14  Probe (Chrono Boost)  
  27  3:22  Probe (Chrono Boost)  
  27  3:24  Probe (Chrono Boost)  
  29  3:33  Probe (Chrono Boost)  
  30  3:35  Probe (Chrono Boost)  
  31  3:43  Probe (Chrono Boost)  
  31  3:45  Protoss Ground Weapons Level 1 (Chrono Boost), Probe (Chrono Boost)  
  33  3:50  Extended Thermal Lance (Chrono Boost)  
  33  3:59  Probe  
  33  4:00  Probe  
  35  4:03  Colossus  
  35  4:09  Probe  
  41  4:12  Probe  
  43  4:20  Assimilator, Probe  
  43  4:23  Assimilator  
  44  4:24  Probe  
  45  4:42  Pylon  
  45  4:47  Photon Cannon  
  45  4:48  Nexus  
  45  4:51  Photon Cannon  
  45  4:54  Probe  
  52  5:04  Colossus (Chrono Boost)  
  52  5:09  Probe  
  52  5:10  Probe  
  54  5:19  Photon Cannon  
  54  5:21  Photon Cannon, Probe  
  54  5:22  Probe  
  52  5:30  Pylon  
  52  5:49  Probe  
  59  5:57  Photon Cannon  
  59  5:59  Colossus (Chrono Boost)  
  59  6:01  Probe  
  60  6:16  Probe  
  55  6:22  Probe  
  56  6:27  Photon Cannon  
  56  6:28  Photon Cannon, Probe  
  57  6:33  Photon Cannon  
  57  6:34  Probe  
  57  6:38  Pylon  
  57  6:39  Probe  
  58  6:40  Probe  
  58  6:46  Probe  
  61  6:50  Probe  
  61  6:52  Probe (Chrono Boost)  
  63  6:59  Probe (Chrono Boost)  
  70  7:09  Probe (Chrono Boost)  
  71  7:20  Probe (Chrono Boost)  
  72  7:26  Photon Cannon  
  72  7:30  Photon Cannon  
  72  7:31  Photon Cannon  
  71  7:37  Photon Cannon  
  62  7:46  Pylon  
  62  7:48  Pylon  
  62  7:52  Pylon  
  62  7:54  Pylon  
  56  8:09  Nexus  
  56  8:16  Photon Cannon  
  56  8:17  Photon Cannon  
  56  8:18  Photon Cannon  
  56  8:19  Photon Cannon  
  56  8:22  Photon Cannon  
  56  8:26  Photon Cannon  
  56  8:28  Photon Cannon  
  56  8:30  Pylon, Photon Cannon  
  56  8:31  Photon Cannon  
  56  8:33  Photon Cannon  
  56  8:40  Photon Cannon x2  
  56  8:54  Probe (Chrono Boost)  
  57  8:57  Photon Cannon  
  57  8:58  Photon Cannon x2  
  57  9:00  Photon Cannon  
  57  9:02  Photon Cannon  
  57  9:05  Probe (Chrono Boost)  
  24  9:37  Photon Cannon  
  24  9:38  Photon Cannon  
  15  9:39  Pylon  
  15  9:41  Pylon  
  15  9:51  Forge  
  15  10:01  Probe (Chrono Boost)  
  15  10:04  Probe (Chrono Boost)  
  17  10:12  Probe (Chrono Boost)  
  18  10:14  Probe (Chrono Boost)  
  19  10:25  Probe (Chrono Boost)  
  20  10:28  Photon Cannon  
  20  10:30  Photon Cannon  
  20  10:31  Photon Cannon  
  20  10:33  Photon Cannon  
  20  10:35  Probe (Chrono Boost)  
  21  10:36  Photon Cannon x2  
  21  10:46  Probe (Chrono Boost)  
  21  10:47  Photon Cannon  
  21  10:48  Photon Cannon  
  22  10:53  Photon Cannon  
  22  10:58  Probe (Chrono Boost)  
  23  11:08  Probe (Chrono Boost)  
  24  11:14  Pylon  
  24  11:19  Probe (Chrono Boost)  
  25  11:29  Probe x2 (Chrono Boost)  
  27  11:40  Probe (Chrono Boost)  
  26  11:50  Probe (Chrono Boost)  
  25  12:12  Photon Cannon  
  25  12:15  Photon Cannon  
  25  12:17  Photon Cannon  
  25  12:19  Photon Cannon  
  25  12:22  Pylon  
  25  12:25  Photon Cannon  
  25  12:26  Photon Cannon  
  25  12:27  Photon Cannon  
  25  12:31  Photon Cannon  
  25  12:37  Pylon  
  25  12:45  Photon Cannon  
  25  12:56  Photon Cannon  
  25  13:32  Photon Cannon  
  25  13:36  Photon Cannon, Nexus  
  25  13:42  Photon Cannon  
  25  13:47  Pylon  
  25  14:06  Pylon  
  25  14:08  Photon Cannon  
  25  14:10  Photon Cannon  
  25  14:12  Pylon  
  25  14:25  Pylon  
  12  16:33  Probe (Chrono Boost)  
  13  16:43  Probe (Chrono Boost)  
  15  16:54  Probe (Chrono Boost)  
  15  18:20  Pylon x2  
  15  18:22  Pylon x2  
  15  18:24  Pylon  
  15  18:25  Pylon  
  15  18:26  Pylon  
  15  18:27  Pylon  
  15  18:32  Pylon  
  15  18:33  Pylon  
  15  18:34  Pylon  
  15  18:35  Pylon  
  15  18:36  Pylon  
  15  18:37  Pylon  
  15  18:38  Pylon  
  15  18:39  Pylon  
  15  18:42  Pylon  
  15  18:59  Pylon  
  15  19:00  Pylon  
  15  19:06  Pylon  
  15  19:15  Pylon  
  15  19:22  Pylon  
  15  19:30  Pylon  
  15  19:39  Pylon  
  15  19:49  Pylon  
  15  20:00  Pylon  
  15  20:05  Pylon  
  15  20:14  Pylon  
  15  20:24  Pylon  
  15  20:34  Pylon  
  15  20:45  Pylon  
  15  20:55  Pylon  
  15  21:06  Pylon  
  15  21:15  Pylon  
  15  22:13  Nexus  
  15  24:24  Pylon  
  15  24:25  Pylon  
  15  24:29  Pylon  
  15  24:30  Pylon  
  15  24:31  Pylon  
  15  24:34  Pylon  
  15  24:36  Pylon  
  15  24:38  Pylon  
  15  24:45  Pylon  
  15  24:46  Pylon  
  15  24:47  Pylon  
  15  25:21  Pylon x2  
  15  25:23  Pylon  
  15  25:25  Pylon  
  15  25:27  Pylon  
  15  25:28  Pylon  
  15  25:30  Pylon  
  15  25:33  Pylon  
  15  25:38  Pylon x2  
  15  25:49  Pylon  
  15  25:55  Pylon  
  15  26:00  Pylon  
  15  26:09  Pylon  
  15  26:19  Pylon  
  14  27:20  Pylon  
  14  27:26  Pylon  
  14  27:35  Pylon  
  14  27:38  Pylon  
  14  27:39  Pylon  
  14  27:40  Pylon  
  14  27:45  Pylon  
  14  29:26  Pylon  
  14  30:09  Photon Cannon  
  14  30:11  Pylon  
  14  30:42  Photon Cannon  
  14  30:56  Pylon  
Show
View Real Time Build Order
Export as new Build Order

Yata Protoss - Winner!

Build Orders:  

Get SALT Encoding   

  12  0:11  Assimilator  
  12  0:12  Probe (Chrono Boost)  
  13  0:25  Probe (Chrono Boost)  
  14  0:34  Pylon  
  14  0:36  Probe (Chrono Boost)  
  15  0:52  Probe (Chrono Boost)  
  15  0:53  Gateway  
  16  1:03  Probe (Chrono Boost)  
  17  1:16  Probe (Chrono Boost)  
  18  1:27  Probe (Chrono Boost)  
  19  1:44  Cybernetics Core  
  19  2:00  Forge, Probe (Chrono Boost)  
  20  2:05  Assimilator  
  20  2:15  Pylon  
  20  2:16  Probe (Chrono Boost)  
  21  2:27  Nexus  
  21  2:30  Pylon  
  21  2:33  Pylon  
  21  2:37  Probe (Chrono Boost)  
  22  2:47  Stargate  
  22  2:50  Pylon  
  22  2:52  Protoss Air Weapons Level 1  
  22  2:57  Probe (Chrono Boost)  
  23  3:08  Probe (Chrono Boost)  
  23  3:11  Photon Cannon  
  24  3:23  Pylon  
  24  3:25  Probe (Chrono Boost)  
  25  3:41  Probe x2 (Chrono Boost)  
  26  3:45  Void Ray  
  31  3:54  Probe x2 (Chrono Boost)  
  33  4:05  Probe (Chrono Boost)  
  33  4:06  Probe (Chrono Boost)  
  35  4:22  Stargate  
  35  4:23  Stargate  
  35  4:34  Assimilator  
  35  4:36  Assimilator  
  35  4:40  Void Ray  
  35  4:44  Probe x2 (Chrono Boost)  
  41  4:54  Probe (Chrono Boost)  
  42  5:03  Probe (Chrono Boost)  
  42  5:07  Probe (Chrono Boost)  
  44  5:12  Void Ray  
  48  5:36  Protoss Air Armor Level 1  
  48  5:44  Probe x2 (Chrono Boost)  
  50  5:55  Probe (Chrono Boost)  
  51  5:58  Void Ray  
  51  5:59  Void Ray  
  59  6:05  Probe x2 (Chrono Boost)  
  61  6:33  Fleet Beacon  
  61  6:36  Void Ray  
  65  6:41  Probe (Chrono Boost)  
  65  6:43  Probe (Chrono Boost)  
  67  6:51  Probe (Chrono Boost)  
  67  6:53  Probe (Chrono Boost)  
  69  6:59  Nexus  
  69  7:11  Probe (Chrono Boost)  
  69  7:12  Pylon  
  69  7:14  Void Ray x2  
  78  7:32  Void Ray  
  82  8:10  Void Ray x2  
  90  8:26  Probe (Chrono Boost)  
  93  8:27  Probe x2 (Chrono Boost)  
  93  8:34  Protoss Air Weapons Level 2 (Chrono Boost)  
  93  8:36  Probe (Chrono Boost)  
  93  8:37  Probe (Chrono Boost)  
  95  8:44  Void Ray  
  99  8:52  Probe  
  99  8:54  Probe  
  101  9:09  Pylon  
  101  9:13  Pylon  
  101  9:17  Pylon  
  101  9:27  Void Ray x2  
  101  9:30  Probe  
  110  9:52  Pylon, Void Ray  
  106  10:27  Void Ray x2  
  114  10:52  Void Ray  
  118  11:10  Void Ray x2  
  126  11:35  Void Ray  
  130  12:05  Void Ray  
  130  12:07  Void Ray  
  118  12:18  Void Ray  
  118  12:48  Void Ray  
  118  12:49  Void Ray  
  122  13:01  Void Ray  
  126  13:31  Void Ray  
  130  13:40  Stargate  
  130  13:41  Stargate  
  130  13:46  Assimilator  
  130  13:50  Assimilator  
  130  14:23  Void Ray  
  130  14:30  Nexus  
  130  14:36  Protoss Air Weapons Level 3 (Chrono Boost)  
  130  14:49  Void Ray  
  130  14:51  Void Ray  
  122  15:05  Void Ray  
  122  15:32  Void Ray  
  122  15:34  Void Ray  
  130  15:48  Void Ray  
  134  16:15  Void Ray  
  134  16:17  Void Ray  
  142  16:28  Void Ray  
  146  16:34  Assimilator  
  146  16:40  Assimilator  
  146  16:50  Void Ray  
  146  16:51  Protoss Air Armor Level 2 (Chrono Boost)  
  142  18:29  Nexus  
  142  18:52  Pylon  
  142  18:53  Pylon  
  142  18:55  Pylon  
  142  18:58  Pylon  
  142  19:00  Pylon  
  142  19:04  Pylon  
  142  19:06  Pylon  
  142  19:08  Pylon  
  142  19:11  Pylon, Void Ray  
  142  19:13  Void Ray x2  
  142  19:14  Pylon  
  142  19:16  Pylon, Void Ray x2  
  162  19:17  Pylon  
  162  19:22  Pylon  
  162  19:25  Pylon  
  162  19:29  Pylon  
  162  19:33  Pylon  
  162  19:48  Robotics Facility  
  162  19:54  Void Ray  
  162  19:56  Void Ray x2  
  162  19:59  Void Ray  
  166  21:31  Void Ray  
  166  21:32  Void Ray x4  
  186  21:49  Observer  
  178  24:13  Void Ray x2  
  178  24:14  Void Ray x2  
  197  25:24  Robotics Facility  
  197  25:26  Robotics Facility  
  197  25:29  Robotics Facility  
  193  26:40  Observer x3  
  193  26:42  Void Ray  
  200  27:36  Protoss Air Armor Level 3 (Chrono Boost)  
  181  31:12  Photon Cannon x3  
  181  31:13  Photon Cannon x2  
  181  31:16  Photon Cannon  
  181  31:17  Photon Cannon  
  181  31:18  Photon Cannon  
  181  31:20  Photon Cannon  
  181  31:21  Photon Cannon  
  181  31:22  Photon Cannon x2  
  181  31:23  Photon Cannon x3  
  181  31:24  Photon Cannon  
  181  31:25  Photon Cannon x4  
  181  31:28  Photon Cannon x2  
  181  31:31  Photon Cannon  
  181  31:32  Photon Cannon  
Tags
 
Add a new tag
Caveats
  • Supply blocks, unpowered buildings, or Contaminate may cause inaccurate times.
  • Supply counts are checked every 10 seconds.